 Dungeon Crawl Stone Soup version 0.29.1-2-gbd0b4ee654 (webtiles) character file.

Game seed: 11714215832828331355

466 nshep25 the Gusty (level 6, -1/46 HPs)
             Began as a Draconian Air Elementalist on Oct 28, 2022.
             Slain by a bullfrog zombie (3 damage)
             ... in an ossuary.
             The game lasted 00:14:23 (4834 turns).

nshep25 the Gusty (Draconian Air Elementalist)      Turns: 4834, Time: 00:14:25

Health: -1/46      AC: 11    Str: 12    XL:     6   Next: 81%
Magic:  0/11       EV: 12    Int: 16    God:
Gold:   236        SH:  0    Dex: 11    Spells: 9/12 levels left

rFire   . . .      SeeInvis .   e - +0 quarterstaff
rCold   . . .      Faith    .   (shield currently unavailable)
rNeg    . . .      Spirit   .   (body armour unavailable)
rPois   .          Reflect  .   (helmet restricted)
rElec   .          Harm     .   (no cloak)
rCorr   .          Rampage  .   (no gloves)
Will    .....                   w - +0 pair of boots
Stlth   ++........              (no amulet)
HPRegen 0.15/turn               f - ring of wizardry
MPRegen 0.12/turn               k - +4 ring of protection

@: no status effects
A: AC +6, unfitting armour, cold-blooded
a: no special abilities


You were in an ossuary.
You visited 1 branch of the dungeon, and saw 5 of its levels.
You also visited: Ossuary.

You collected 236 gold pieces.

Inventory:

Hand Weapons
 e - a +0 quarterstaff (weapon)
Armour
 w - a +0 pair of boots (worn)
Magical Staves
 n - a staff of poison
Jewellery
 f - a ring of wizardry (left hand)
 k - a +4 ring of protection (right hand)
Wands
 g - a wand of digging (11)
 q - a wand of flame (15)
Scrolls
 c - a scroll of acquirement {unknown}
 d - a scroll of vulnerability {unknown}
 i - a scroll of noise {unknown}
 j - 2 scrolls of poison {unknown}
 l - a scroll of immolation {unknown}
 m - 3 scrolls of identify {unknown}
 o - a scroll of torment {unknown}
 r - a scroll of blinking {unknown}
 s - 2 scrolls of teleportation {unknown}
 u - a scroll of enchant weapon {unknown}
 v - a scroll of summoning {unknown}
Potions
 a - 2 potions of magic
 b - a potion of curing {unknown}
 h - a potion of resistance {unknown}
 p - 3 potions of lignification {unknown}
 t - a potion of brilliance {unknown}
 x - 2 potions of attraction {unknown}


   Skills:
 + Level 0.4 Fighting
 + Level 1.4 Staves
 + Level 2.1 Dodging
 + Level 2.6 Stealth
 + Level 3.9 Spellcasting
 + Level 3.2 Conjurations
 + Level 5.0 Air Magic


You had 9 spell levels left.
You knew the following spells:

 Your Spells              Type           Power      Damage    Failure   Level
a - Shock                 Conj/Air       64%        1d7       1%          1
b - Static Discharge      Conj/Air       16%        3-5/arc   1%          2

Your spell library contained the following spells:

 Spells                   Type           Power      Damage    Failure   Level
 Swiftness                Air            19%        N/A       2%          3
 Sandblast                Erth           6%         2d5       7%          1
 Airstrike                Air            9%         2d(2-18)  9%          4
 Passwall                 Tmut/Erth      2%         N/A       11%         2
 Stone Arrow              Conj/Erth      16%        3d8       11%         3


Dungeon Overview and Level Annotations

Branches:
Dungeon (5/15)            Ossuary (1/1)
 Temple: D:4-7

Altars:
Dithmenos
Okawaru

Shops:
D:4 *


Innate Abilities, Weirdness & Mutations

Your plain brown scales are hard. (AC +6)
You cannot fit into any form of body armour.
You are cold-blooded and may be slowed by cold attacks.


Message History

You barely miss the bullfrog zombie.
Your tail-slap misses the bullfrog zombie.
The bullfrog zombie is heavily damaged.
The bullfrog zombie hits you.
* * * LOW HITPOINT WARNING * * *
The bullfrog zombie hits you but does no damage.
The bullfrog zombie barely misses you.
Casting: Static Discharge (safe; 1% risk of failure)
Confirm with . or Enter, or press ? or * to list all spells.
The bullfrog zombie is struck by an arc of lightning.
The bullfrog zombie is lightly damaged.
You are struck by an arc of lightning.
* * * LOW HITPOINT WARNING * * *
The lightning grounds out.
The bullfrog zombie is struck by an arc of lightning!
The bullfrog zombie is severely damaged.
You are struck by an arc of lightning.
* * * LOW HITPOINT WARNING * * *
The lightning grounds out.
The bullfrog zombie hits you.
* * * LOW HITPOINT WARNING * * *
The bullfrog zombie hits you but does no damage.
Casting: Static Discharge (safe; 1% risk of failure)
Confirm with . or Enter, or press ? or * to list all spells.
The bullfrog zombie is struck by an arc of lightning!
The bullfrog zombie is moderately damaged.
You are struck by an arc of lightning.
* * * LOW HITPOINT WARNING * * *
The bullfrog zombie is struck by an arc of lightning.
The bullfrog zombie is heavily damaged.
The lightning grounds out.
The bullfrog zombie is struck by an arc of lightning.
The bullfrog zombie is almost destroyed.
You are struck by an arc of lightning.
* * * LOW HITPOINT WARNING * * *
The bullfrog zombie is struck by an arc of lightning!
The bullfrog zombie is severely damaged.
The bullfrog zombie is struck by an arc of lightning.
You destroy the bullfrog zombie!
The lightning grounds out.
The bullfrog zombie hits you.
You die...

##
#~###
#.~.~
≈~~.
~~.
##~##
#...#
#.Z.#
#∩.@#
#####


You could see a bullfrog zombie.

Vanquished Creatures
  An ogre (D:4)
  A bullfrog zombie (Ossuary)
  2 hounds (D:5)
  2 orc priests (D:4)
  Ijyb (D:4)
  A killer bee zombie (Ossuary)
  3 mummies (Ossuary)
  4 adders
  3 gnolls (D:4)
  A shadow imp (D:5)
  An ufetubus (D:4)
  3 dart slugs
  8 orcs
  3 endoplasms
  10 giant cockroaches
  10 goblins
  6 hobgoblins
  4 ball pythons
  9 bats
  A frilled lizard (D:3)
  4 kobolds
  3 rats
81 creatures vanquished.

Vanquished Creatures (others)
  6 withered plants (Ossuary)
6 creatures vanquished.

Grand Total: 87 creatures vanquished

Notes
Turn   | Place    | Note
-------+----------+-------------------------------------------
     0 | D:1      | nshep25 the Draconian Air Elementalist began the quest for
                  | the Orb.
     0 | D:1      | Reached XP level 1. HP: 14/14 MP: 3/3
   474 | D:1      | Reached XP level 2. HP: 20/20 MP: 1/5
   552 | D:1      | Learned a level 2 spell: Static Discharge
  1223 | D:2      | Reached XP level 3. HP: 26/26 MP: 1/6
  1396 | D:2      | Found an iron altar of Okawaru.
  2079 | D:3      | Reached XP level 4. HP: 33/33 MP: 2/7
  2426 | D:3      | Found a faded altar of an unknown god.
  2563 | D:2      | Reached skill level 4 in Air Magic
  3485 | D:4      | Noticed Ijyb
  3493 | D:4      | Killed Ijyb
  3848 | D:4      | Reached XP level 5. HP: 38/38 MP: 5/9
  4040 | D:4      | Noticed an ogre
  4071 | D:4      | Reached skill level 1 in Staves
  4072 | D:4      | Killed an ogre
  4073 | D:4      | Reached XP level 6. HP: 26/45 MP: 1/11
  4453 | D:4      | Found Fagh's General Store.
  4550 | D:5      | Entered Level 5 of the Dungeon
  4680 | D:5      | Found a shadowy altar of Dithmenos.
  4709 | D:5      | Found a sand-covered staircase.
  4714 | Ossuary  | Entered an ossuary
  4801 | Ossuary  | Reached skill level 5 in Air Magic
  4834 | Ossuary  | HP: 2/46 [/static electricity (3)]
  4834 | Ossuary  | Slain by a bullfrog zombie

Illustrated notes

Levels and vault maps discovered:
D:1:      matt_arrival_grand_opening, layout_loops_ring, minivault_4
D:2:      minmay_roachtagon, layout_loops_cross, basic_altar,
          minmay_split_cup_large
D:3:      layout_loops_ring, serial_rivers, chequers_serial_rivers_micro_e,
          chequers_serial_rivers_room_a, chequers_serial_rivers_micro_a,
          chequers_serial_rivers_room_b, chequers_serial_rivers_micro_e,
          chequers_ecumenical_altar_simple_redux
D:4:      layout_cave_pools, serial_shops, nicolae_shop_behind_doors, uniq_ijyb
D:5:      layout_cave_pools, general_overflow_altar,
          grunt_dithmenos_smoke_and_mirrors,
          lightli_ossuary_entry_decrepit_ruins, chequers_serial_rivers_marsh,
          minivault_5
Ossuary:  ossuary_zaba_flooded

Skill      XL: |  1  2  3  4  5  6 |
---------------+-------------------+-----
Dodging        | 2 |  2.1
Stealth        | 2 |  2.6
Air Magic      | 4 5 |  5.0
Spellcasting   | 3 |  3.9
Staves         | 1 |  1.4
Conjurations   | 2 3 |  3.2
Fighting       | |  0.4

Action                   |  1- 3 |  4- 6 || total
-------------------------+-------+-------++-------
Melee: Quarterstaff      |    23 |    20 ||    43
       Tailslap          |     4 |     2 ||     6
 Cast: Shock             |    61 |    91 ||   152
       Static Discharge  |     2 |    23 ||    25
Armor: Skin              |    13 |    20 ||    33
Dodge: Dodged            |    17 |    29 ||    46
